 Dungeon Crawl Stone Soup version 0.25.1-9-gc5326a611f (webtiles) character file.

Game seed: 4216491654109807469

18 MajorAdolf the Stinger (level 2, -2/25 HPs)
             Began as a Naga Wanderer on Dec 25, 2020.
             Slain by a leopard gecko (4 damage)
             ... on level 1 of the Dungeon.
             The game lasted 00:04:14 (907 turns).

MajorAdolf the Stinger (Naga Wanderer)               Turns: 907, Time: 00:04:14

Health: -2/25      AC:  1    Str: 14    XL:     2   Next: 70%
Magic:  5/5        EV:  8    Int: 12    God:
Gold:   24         SH:  3    Dex: 10    Spells: 5/5 levels left

rFire    . . .     SeeInvis +   e - +0 dagger
rCold    . . .     Gourm    .   h - +0 buckler
rNeg     . . .     Faith    .   d - +0 robe
rPois    +         Spirit   .   (no helmet)
rElec    .         Reflect  .   (no cloak)
rCorr    .         Harm     .   (no gloves)
MR       .....                  (no barding)
Stlth    ++........             (no amulet)
HPRegen  0.08/turn              (no ring)
MPRegen  0.09/turn              (no ring)

@: very slow
A: large, see invisible, deformed body, poison resistance, slowness 2, slow
metabolism 1, spit poison 1, AC +0
a: Spit Poison


You were on level 1 of the Dungeon.
You were hungry.

You visited 1 branch of the dungeon, and saw 1 of its levels.

You collected 24 gold pieces.

Inventory:

Hand Weapons
 a - a +0 club
 e - a +0 dagger (weapon)
Armour
 d - a +0 robe (worn)
 h - a +0 buckler (worn)
Jewellery
 k - an uncursed amulet of reflection {unknown}
Scrolls
 b - a scroll of identify {unknown}
 c - a scroll of teleportation {unknown}
 g - a scroll of immolation {unknown}
 l - a scroll of amnesia {unknown}
 n - a scroll of remove curse {unknown}
Comestibles
 f - a ration
 j - 2 chunks of flesh


   Skills:
 - Level 1.0 Fighting
   Level 1.7 Crossbows
 - Level 1.0 Armour
 + Level 2.1 Stealth
 + Level 1.0 Shields
 - Level 2.0 Spellcasting
   Level 1.0 Air Magic
   Level 2.6 Poison Magic
   Level 2.0 Evocations


You had 5 spell levels left.
You didn't know any spells.
Your spell library contained the following spells:

 Spells                   Type           Power        Failure   Level  Hunger
 Sting                    Tmut/Pois      #...         21%         1    ##.....
 Shock                    Conj/Air       #...         28%         1    ##.....
 Foxfire                  Conj/Fire      #...         34%         1    ##.....
 Swiftness                Chrm/Air       #.......     41%         2    ###....
 Ignite Poison            Fire/Tmut/Pois #.......     58%         3    ####...
 Static Discharge         Conj/Air       #.......     65%         3    ####...
 Stone Arrow              Conj/Erth      #.....       71%         3    ####...
 Airstrike                Air            #.........   93%         4    #####..
 Lightning Bolt           Conj/Air       #.........   100%        5    ######.


Dungeon Overview and Level Annotations

Branches:
Dungeon (1/15)

Altars:


Innate Abilities, Weirdness & Mutations

You cannot wear boots.
Your serpentine skin is tough. (AC +0)
You have supernaturally acute eyesight. (SInv)
Armour fits poorly on your strangely shaped body.
Your system is resistant to poisons. (rPois)
You cover ground very slowly.
You have a slow metabolism.
You can spit poison.


Message History

The leopard gecko bites you.
* * * LOW HITPOINT WARNING * * *
You have got your breath back.
You block the leopard gecko's attack.
Press: ? - help, Shift-Dir - straight line, f/p - leopard gecko
Aim: a leopard gecko The splash of poison misses the leopard gecko.
You feel slightly more hungry. The leopard gecko closely misses you.
The leopard gecko bites you.
* * * LOW HITPOINT WARNING * * *
Okay, then.
Okay, then.
It was a potion of curing.
You feel better. The leopard gecko bites you.
* * * LOW HITPOINT WARNING * * *
It was a potion of cancellation.
You feel magically purged. The leopard gecko bites you.
* * * LOW HITPOINT WARNING * * *
You have got your breath back.
The leopard gecko bites you.
You die...

....##..(........##.#..........#
##.....##.........#.##........##
....#####............##......##
.##..# #.................####
####.## ####..........##### #
#..## ###.###.###...#
##..###...# #.##..#.# ##...#.###
#l##....##
########(..#####@.).#...####
#.................####.....#
######..######..######..##.#
#.###...#..#...###.##.## #.#
#...#..#...# #.##..## #.#
#.<.'..'...# #.###..#### #.#
#...'..#...###.####..... #.#
#...####...#....###.####
#.###++######'##.##........#


You could see a leopard gecko.

Vanquished Creatures
  A ball python (D:1)
  3 goblins (D:1)
  4 hobgoblins (D:1)
  2 bats (D:1)
  2 frilled lizards (D:1)
  3 kobolds (D:1)
  2 rats (D:1)
17 creatures vanquished.

Notes
Turn   | Place    | Note
-------+----------+-------------------------------------------
     0 | D:1      | MajorAdolf the Naga Wanderer began the quest for the Orb.
     0 | D:1      | MajorAdolf set off with the following items: a +0 club, a
                  | +0 robe, a ration; and the following spells available to
                  | memorise: Sting, Shock, Foxfire, Swiftness, Ignite Poison,
                  | Static Discharge, Stone Arrow, Airstrike, Lightning Bolt
     0 | D:1      | Reached XP level 1. HP: 15/15 MP: 3/3
   207 | D:1      | Reached skill level 1 in Fighting
   498 | D:1      | Reached skill level 1 in Stealth
   498 | D:1      | Reached XP level 2. HP: 25/25 MP: 5/5
   888 | D:1      | Reached skill level 1 in Shields
   904 | D:1      | HP: 1/25 [leopard gecko (3)]
   907 | D:1      | Slain by a leopard gecko

Illustrated notes

Levels and vault maps discovered:
D:1:      dpeg_arrival_houses_and_road, layout_rooms, hangedman_decor_points

Skill      XL: |  1  2 |
---------------+-------+-----
Fighting       | 1 |  1.0
Stealth        | 1 2 |  2.1
Shields        | 1 |  1.0
Crossbows      | |  1.7
Armour         | |  1.0
Spellcasting   | |  2.0
Air Magic      | |  1.0
Poison Magic   | |  2.6
Evocations     | |  2.0

Action                   || total
-------------------------++-------
Melee: Dagger            ||    10
 Abil: Spit Poison       ||    26
  Use: Potion            ||     2
 Stab: Sleeping          ||     1
Armor: Robe              ||    11
Dodge: Dodged            ||    18
Block: Buckler           ||     1
